 Dungeon Crawl Stone Soup version 0.19-a0-1815-g4007336 (webtiles) character file.

6816 witty the Summoner (level 10, -4/74 HPs)
             Began as a Vampire Summoner on Oct 6, 2016.
             Was a Priest of Sif Muna.
             Slain by a manticore (6 damage)
             ... on level 11 of the Dungeon.
             The game lasted 00:38:05 (11227 turns).

witty the Summoner (Vampire Summoner)              Turns: 11227, Time: 00:38:06

Health: -4/74      AC:  5    Str:  7    XL:     10   Next: 77%
Magic:  0/13       EV: 14    Int: 22    God:    Sif Muna [***...]
Gold:   511        SH:  3    Dex: 14    Spells: 4 memorised, 1 level left

rFire  . . .     SeeInvis +     h - +1 short sword (elec)
rCold  + . .     Gourm    .     a - +0 robe
rNeg   + + +     Faith    .     f - +0 buckler
rPois  +         Spirit   .     u - +1 helmet
rElec  .         Dismiss  .     (no cloak)
rCorr  .         Reflect  .     m - +0 pair of gloves
MR     +....     Harm     .     (no boots)
Stlth  ++++......               N - macabre finger necklace {rN+}
                                (no ring)
                                X - ring of Devotion {+Inv rN+}
                                (no ring)

@: barbed spikes, regenerating slowly, no casting
A: fangs 3, see invisible, unbreathing
a: Bat Form, Stop Divine Energy, Channel Magic, Renounce Religion, Evoke
Invisibility


You were on level 11 of the Dungeon.
You worshipped Sif Muna.
Sif Muna was most pleased with you.
You were very thirsty.

You visited 2 branches of the dungeon, and saw 12 of its levels.
You also visited: Ossuary.

You collected 511 gold pieces.

Inventory:

Hand Weapons
 h - a +1 short sword of electrocution (weapon)
   (You took it off a kobold on level 1 of the Dungeon)
 E - a +1 dagger of draining
   (You took it off an orc wizard on level 7 of the Dungeon)
 H - a +2 dire flail of crushing
   (You found it on level 7 of the Dungeon)
 P - a +4 short sword
   (You found it on level 9 of the Dungeon)
 S - a +3 flail of protection
   (You found it on level 9 of the Dungeon)
 U - a +2 shortbow of freezing
   (You took it off a centaur on level 9 of the Dungeon)
 V - a +1 long sword of freezing
   (You took it off a wight on level 11 of the Dungeon)
Armour
 a - a +0 robe (worn)
 f - a +0 buckler (worn)
   (You found it on level 1 of the Dungeon)
 j - a cursed +0 ring mail
   (You found it on level 2 of the Dungeon)
 m - a +0 pair of gloves (worn)
   (You found it on level 2 of the Dungeon)
 u - a +1 helmet (worn)
   (You took it off Robin on level 3 of the Dungeon)
 G - a +0 pair of boots
   (You found it on level 7 of the Dungeon)
 K - a +0 pair of boots of running
   (You found it on level 8 of the Dungeon)
 W - a +2 buckler
   (You took it off an orc on level 11 of the Dungeon)
Jewellery
 y - an uncursed ring of ice {rC+, rF-}
   (You found it on level 6 of the Dungeon)
 A - an uncursed ring of fire {rF+, rC-}
   (You found it on level 4 of the Dungeon)
 N - the macabre finger necklace (around neck) {rN+}
   (You found it on level 8 of the Dungeon)

   [amulet of nothing]

   It protects you from negative energy.
 X - the ring of Devotion (left hand) {+Inv rN+}
   (You found it on level 11 of the Dungeon)

   [ring of positive energy]

   It protects you from negative energy.
   It lets you turn invisible.
Wands
 p - a wand of digging (17/24)
   (You took it off Terence on level 2 of the Dungeon)
 w - a wand of iceblast (8/15)
   (You found it on level 6 of the Dungeon)
 B - a wand of iceblast (5/15)
   (You found it on level 7 of the Dungeon)
 D - a wand of polymorph (13/24)
   (You found it on level 7 of the Dungeon)
 L - a wand of lightning (8/15)
   (You found it on level 8 of the Dungeon)
 T - a wand of iceblast (5/15)
   (You found it on level 9 of the Dungeon)
Scrolls
 d - 3 scrolls of identify
 e - a scroll of amnesia
 k - 3 scrolls of random uselessness
 l - 2 scrolls of teleportation
 n - 5 scrolls of remove curse
 r - 2 scrolls of fog
 z - a scroll of magic mapping {unknown}
 C - 2 scrolls of blinking {!r}
 J - a scroll of fear
 R - a scroll of acquirement {unknown}
Potions
 c - 4 potions of blood {@q1}
 g - 5 potions of resistance
 i - 4 potions of curing
 o - 3 potions of berserk rage {!q}
 q - a potion of brilliance {unknown}
 s - a potion of magic {unknown}
 t - a potion of degeneration {unknown}
 v - 2 potions of flight
 Q - a potion of might
Books
 b - a book of Callings
 x - a book of Necromancy
   (You found it on level 6 of the Dungeon)
 F - a book of Geomancy
   (You found it on level 7 of the Dungeon)
 I - a book of Clouds
   (You found it on level 7 of the Dungeon)
 M - a book of Flames
   (You found it on level 8 of the Dungeon)
Miscellaneous
 O - a box of beasts


   Skills:
 + Level 5.1 Fighting
 - Level 6.6 Short Blades
 + Level 5.1 Dodging
 - Level 7.1 Stealth
 - Level 2.0 Spellcasting
 + Level 8.5 Summonings
 - Level 8.3 Ice Magic
 - Level 6.2 Air Magic


You had one spell level left.
You knew the following spells:

 Your Spells              Type           Power        Failure   Level  Hunger
a - Summon Small Mammal   Summ           ####         1%          1    #......
b - Summon Ice Beast      Ice/Summ       #####...     10%         4    #####..
c - Call Canine Familiar  Summ           #####...     1%          3    ###....
d - Summon Lightning Spi  Summ/Air       ####....     14%         4    #####..


Dungeon Overview and Level Annotations

Branches:
Dungeon (11/15)            Temple (1/1) D:6            Lair (0/6) D:8
    Orc (0/2) D:11

Altars:
Ashenzari
Cheibriados
Dithmenos
Elyvilon
Fedhas
Gozag
Hepliaklqana
Kikubaaqudgha
Makhleb
Nemelex Xobeh
Okawaru
Qazlal
Ru
Sif Muna
Trog
Uskayaw
Vehumet
Xom
Yredelemnul
Zin
Lugonu

Annotations:
D:6 exclusion: 2 slaves, Eustachio, Pikel
D:10 Maurice


Innate Abilities, Weirdness & Mutations

You heal slowly.
You have razor-sharp teeth.
You have supernaturally acute eyesight. (SInv)
You can survive without breathing.


Message History

The manticore bites your ice beast!!
Your ice beast dies!
The manticore flicks its tail.
The volley of spikes misses your ice beast.
The volley of spikes hits you!
The barbed spikes become lodged in your body.
You take 16 damage, and have 41/74 hp.
MASSIVE DAMAGE!!
You feel sick.
The manticore bites your ice beast but does no damage.
The manticore completely misses your ice beast.
The manticore barely misses your ice beast.
You barely miss the worker ant.
The worker ant bites you but does no damage.
Your ice beast barely misses the manticore.
The manticore flicks its tail.
The volley of spikes hits your ice beast.
You closely miss the worker ant.
You regain access to your magic.
The worker ant barely misses you.
Your ice beast hits the manticore but does no damage.
The manticore closely misses your ice beast.
The manticore claws your ice beast! The manticore claws your ice beast.
An electric hum fills the air.
Sif Muna grants you divine energy.
You briefly lose access to your magic!
You block the worker ant's attack.
Your ice beast hits the manticore.
Your ice beast freezes the manticore!
The manticore flicks its tail.
The volley of spikes hits your ice beast.
You now have 0/13 mp.
Your shield prevents you from hitting the worker ant.
Your bite misses the worker ant. The worker ant bites you.
Your ice beast hits the manticore but does no damage.
The manticore flicks its tail.
The volley of spikes hits your ice beast.
Your ice beast dies!
You take 5 damage, and have 36/74 hp.
Unknown command.
You hit the worker ant but do no damage.
You bite the worker ant, but do no damage.
You feel sick.
You are no longer poisoned.
The worker ant bites you.
You are poisoned.
The worker ant poisons you!
You take 2 damage, and have 34/74 hp.
You hit the worker ant.
You feel sick. The worker ant closely misses you.
You take 1 damage, and have 33/74 hp.
You hit the worker ant but do no damage.
The worker ant bites you.
The manticore flicks its tail.
The volley of spikes hits your lightning spire.
Your lightning spire shoots out a bolt of lightning at the manticore!
The bolt of electricity hits the manticore.
You take 5 damage, and have 28/74 hp.
You hit the worker ant.
There is a sudden explosion of sparks!
You kill the worker ant!
Sif Muna accepts your kill.
The manticore flicks its tail.
The volley of spikes hits your lightning spire.
You feel sick.
The manticore bites your lightning spire!
The manticore claws your lightning spire but does no damage. x2
You take 1 damage, and have 27/74 hp.
You regain access to your magic.
Your lightning spire shoots out a bolt of lightning at the manticore!
The bolt of electricity hits the manticore.
The manticore bites your lightning spire!
Your lightning spire is destroyed!
A chill wind blows around you. Sif Muna grants you divine energy.
You briefly lose access to your magic!
You now have 0/13 mp.
You hit the manticore but do no damage.
You feel sick.
You take 1 damage, and have 27/74 hp.
Unknown command.
You hit the manticore but do no damage. You block the manticore's attack.
The manticore closely misses you. The manticore claws you!
* * * LOW HITPOINT WARNING * * *
Your ice beast hits the manticore.
Your ice beast freezes the manticore!
You take 10 damage, and have 17/74 hp.
Unknown command.
You feel better. The manticore closely misses you.
The manticore barely misses you.
The manticore claws you but does no damage.
Your ice beast hits the manticore but does no damage.
You regained 5 hp, and now have 22/74 hp.
You feel better.
You regain access to your magic.
The manticore barely misses you. The manticore claws you.
The manticore barely misses you.
Your ice beast hits the manticore but does no damage.
You regained 6 hp, and now have 28/74 hp.
An electric hum fills the air.
You are feeling very thirsty.
Sif Muna grants you divine energy.
You briefly lose access to your magic!
The manticore bites you!!
* * * LOW HITPOINT WARNING * * *
The manticore claws you.
You die...

...........###.
..........#..
.......†.##
#........###
#..................
#..%%.# #.........
#.Y†.## #.(.......
.. #.8H##
##......... #...
##@!# #...<......
#.. ##.#
...........
#..######## #.#
...........
###.#....(..###.#
...........
#............##.#
...........
.............Y..#
...........
#...............#
...........
#.(....%........#
......†.†..
#...............#
...........


You could see a manticore, a friendly ice beast and a friendly lightning spire.

Vanquished Creatures
  A hippogriff (D:9)
  A wyvern (D:10)
  A hill giant zombie (D:11)
  3 hungry ghosts (D:11)
  A soldier ant (D:11)
  2 orc warriors
  A phantom (D:8)
  A centaur (D:9)
  A big kobold (D:7)
  3 elf zombies (Ossuary)
  3 bullfrogs
  A wyvern zombie (D:9)
  A wyvern skeleton (D:8)
  4 wights
  A howler monkey (D:8)
  A centaur zombie (Ossuary)
  3 crimson imps
  2 bullfrog zombies
  3 hounds
  A human zombie (Ossuary)
  An orc priest (D:7)
  A bullfrog skeleton (D:4)
  A centaur skeleton (D:8)
  6 orc wizards
  Terence (D:2)
  An iguana (D:8)
  Natasha (twice) (D:3)
  5 worker ants
  An ogre zombie (D:11)
  A hound zombie (D:7)
  A mummy (D:4)
  3 gnolls (D:5)
  5 adders
  A shadow imp (D:5)
  3 adder skeletons
  2 worms
  3 leopard geckos
  9 orcs
  A giant cockroach (D:5)
  13 goblins
  6 hobgoblins
  4 jackals
  5 kobolds
  3 quokkas
  4 bats
  3 frilled lizards
  3 goblin zombies
  A hobgoblin skeleton (D:11)
  A hobgoblin zombie (D:11)
  A kobold zombie (D:4)
  5 orc zombies (D:11)
  5 rats
137 creatures vanquished.

Vanquished Creatures (collateral kills)
  A skeletal warrior (D:11)
  An unseen horror (D:11)
  2 hill giants
  2 cyclopes (D:11)
  2 centaur skeletons (D:11)
  3 hippogriffs
  A shadow (D:11)
  A basilisk (D:11)
  6 soldier ants (D:11)
  A phantom (D:11)
  An ice beast (D:7)
  A necrophage (D:8)
  An orc warrior (D:11)
  A black bear (D:11)
  An eye of draining (D:9)
  2 ogres
  2 centaurs
  2 elf zombies (Ossuary)
  2 bullfrogs
  2 wights (D:11)
  3 centaur zombies (Ossuary)
  A quasit (D:11)
  2 human zombies (Ossuary)
  3 orc priests
  A jelly (D:7)
  A hound (D:5)
  An orc wizard (D:9)
  Natasha (D:3)
  16 worker ants
  A killer bee zombie (D:5)
  6 ogre zombies (D:11)
  3 mummies (Ossuary)
  Robin (D:3)
  3 adders
  An adder skeleton (D:9)
  2 dart slugs (D:1)
  A leopard gecko (D:4)
  15 orcs
  2 giant cockroaches
  7 goblins
  5 hobgoblins
  2 jackals
  2 quokkas
  A bat (D:2)
  A frilled lizard (D:1)
  A goblin zombie (D:11)
  A hobgoblin skeleton (D:11)
  3 hobgoblin zombies (D:11)
  8 kobolds
  11 orc zombies (D:11)
  A quokka skeleton (D:4)
  2 rats
144 creatures vanquished.

Vanquished Creatures (others)
  A wight (D:11)
1 creature vanquished.

Grand Total: 282 creatures vanquished

Notes
Turn   | Place    | Note
-------+----------+-------------------------------------------
     0 | D:1      | witty the Vampire Summoner began the quest for the Orb.
     0 | D:1      | Reached XP level 1. HP: 13/13 MP: 3/3
   438 | D:1      | Reached XP level 2. HP: 8/19 MP: 0/5
   713 | D:1      | Reached skill level 1 in Short Blades
  1189 | D:1      | Reached skill level 2 in Short Blades
  1319 | D:2      | Reached XP level 3. HP: 24/24 MP: 3/6
  1324 | D:2      | Learned a level 3 spell: Call Canine Familiar
  1541 | D:2      | Found a radiant altar of Vehumet.
  1819 | D:2      | Reached skill level 3 in Short Blades
  1830 | D:2      | Noticed Terence
  1950 | D:2      | Killed Terence
  1950 | D:2      | Reached XP level 4. HP: 27/30 MP: 2/7
  2139 | D:3      | Found a shadowy altar of Dithmenos.
  2201 | D:3      | Noticed Natasha
  2217 | D:3      | Killed Natasha
  2217 | D:3      | Reached skill level 4 in Short Blades
  2222 | D:3      | Noticed Natasha
  2228 | D:3      | Killed Natasha
  2318 | D:3      | Noticed Robin
  2341 | D:3      | Reached XP level 5. HP: 24/35 MP: 4/8
  2351 | D:3      | Killed Robin
  2404 | D:3      | Noticed Natasha
  2418 | D:3      | Killed Natasha
  2418 | D:3      | Reached skill level 5 in Short Blades
  2768 | D:4      | Found a sand-covered staircase.
  2773 | Ossuary  | Entered an ossuary
  2808 | Ossuary  | Reached skill level 1 in Fighting
  3043 | Ossuary  | Reached skill level 2 in Fighting
  3043 | Ossuary  | Reached XP level 6. HP: 29/46 MP: 4/9
  3055 | Ossuary  | HP: 9/46 [elf zombie (7)]
  3061 | Ossuary  | Reached skill level 3 in Fighting
  3685 | Ossuary  | Reached skill level 6 in Short Blades
  3698 | Ossuary  | Reached XP level 7. HP: 40/52 MP: 7/10
  3846 | Ossuary  | Reached skill level 5 in Summonings
  3970 | D:4      | Found a shimmering altar of Xom.
  4015 | D:4      | Found a basalt altar of Yredelemnul.
  4230 | D:4      | Found an iron altar of Okawaru.
  4526 | D:5      | Entered Level 5 of the Dungeon
  4562 | D:5      | Found a blossoming altar of Fedhas.
  4721 | D:5      | Reached skill level 6 in Summonings
  4960 | D:5      | Learned a level 4 spell: Summon Ice Beast
  5110 | D:5      | Reached skill level 7 in Summonings
  5149 | D:5      | Reached XP level 8. HP: 58/58 MP: 8/11
  5617 | D:6      | Found a staircase to the Ecumenical Temple.
  5621 | Temple   | Entered the Ecumenical Temple
  5690 | D:6      | Found a hide-covered altar of Uskayaw.
  5696 | D:6      | Noticed Eustachio
  6024 | D:6      | Reached skill level 1 in Ice Magic
  6099 | D:6      | Noticed Pikel
  6188 | D:7      | Found a stormy altar of Qazlal.
  6212 | D:7      | Reached skill level 2 in Ice Magic
  6219 | D:7      | Found a glowing silver altar of Zin.
  6244 | D:7      | Reached skill level 3 in Ice Magic
  6346 | D:7      | Found an opulent altar of Gozag.
  6473 | D:7      | Noticed a hippogriff
  6492 | D:7      | Killed a hippogriff
  6492 | D:7      | Reached skill level 4 in Stealth
  6535 | D:7      | Reached skill level 5 in Stealth
  6535 | D:7      | Reached skill level 4 in Ice Magic
  6612 | D:7      | Reached skill level 6 in Stealth
  6748 | D:7      | Found a hazy altar of Hepliaklqana.
  6777 | D:7      | Found a bloodstained altar of Trog.
  7029 | D:8      | Reached skill level 5 in Ice Magic
  7056 | D:8      | Reached skill level 7 in Stealth
  7056 | D:8      | Reached XP level 9. HP: 61/62 MP: 7/12
  7178 | D:8      | Found a staircase to the Lair.
  7265 | D:8      | Reached skill level 3 in Dodging
  7365 | D:8      | Found a deep blue altar of Sif Muna.
  7500 | D:8      | Became a worshipper of Sif Muna the Loreminder
  7710 | D:9      | Reached skill level 6 in Ice Magic
  7747 | D:9      | Noticed a hill giant
  7764 | D:9      | Killed a hill giant
  7764 | D:9      | Reached skill level 7 in Ice Magic
  7931 | D:9      | Reached * piety under Sif Muna
  8481 | D:10     | Entered Level 10 of the Dungeon
  8486 | D:10     | Reached skill level 8 in Ice Magic
  8754 | D:10     | Noticed an unseen horror
  8759 | D:10     | HP: 13/63 [unseen horror (5)]
  8763 | D:10     | Noticed Maurice
  8798 | D:11     | Reached skill level 4 in Dodging
  8929 | D:11     | Learned a level 4 spell: Summon Lightning Spire
  9076 | D:11     | Noticed a hill giant
  9101 | D:11     | Killed a hill giant
  9101 | D:11     | Reached skill level 8 in Summonings
  9155 | D:11     | Reached skill level 4 in Fighting
  9155 | D:11     | Reached skill level 1 in Air Magic
  9155 | D:11     | Reached XP level 10. HP: 66/71 MP: 1/13
  9184 | D:11     | Reached ** piety under Sif Muna
  9194 | D:11     | Found a staircase to the Orcish Mines.
  9268 | D:11     | Reached skill level 2 in Air Magic
  9318 | D:11     | Reached skill level 3 in Air Magic
  9400 | D:11     | Noticed a cyclops
  9782 | D:11     | HP: 3/73 [cyclops/large rock (25)]
  9795 | D:11     | HP: 18/73 [orc zombie (1)]
  9816 | D:11     | Killed a cyclops
  9816 | D:11     | Reached skill level 4 in Air Magic
 10074 | D:11     | Noticed a cyclops
 10205 | D:11     | Killed a cyclops
 10479 | D:11     | Noticed a skeletal warrior
 10536 | D:11     | Killed a skeletal warrior
 10536 | D:11     | Reached skill level 5 in Air Magic
 10756 | D:11     | Reached skill level 6 in Air Magic
 11012 | D:11     | Reached *** piety under Sif Muna
 11069 | D:11     | Got a wavering golden ring
 11070 | D:11     | Identified the ring of Devotion {+Inv rN+} (You found it on level 11 of the Dungeon)
 11129 | D:11     | Noticed an unseen horror
 11135 | D:11     | Killed an unseen horror
 11152 | D:11     | Reached skill level 5 in Fighting
 11175 | D:11     | Reached skill level 5 in Dodging
 11200 | D:11     | Noticed a manticore
 11224 | D:11     | HP: 17/74 [manticore (10)]
 11227 | D:11     | HP: 2/74 [manticore (26)]
 11227 | D:11     | Slain by a manticore

Vault maps used:
D:1:      minmay_arrival_up_and_down, serial_forest,
          infiniplex_forest_lined_room_3, infiniplex_forest_clump_small,
          infiniplex_forest_split, infiniplex_forest_straight_2
D:2:      lemuel_round_altar, uniq_terence
D:3:      lemuel_doored_altar, uniq_robin, uniq_natasha
D:4:      lemuel_round_altar, okawaru_metal_pillars_1_2, first_bread,
          nicolae_ossuary_entry_giza, xom_teletrap_fun
D:5:      lemuel_round_altar
D:6:      eat_drink_and_be_merry_uskayaw, kennysheep_mini_moat,
          nicolae_gozag_cash_rules_everything_around_me, uniq_eustachio,
          uniq_pikel, uniq_duvessa
D:7:      grunt_temple_overflow_gold_and_silver, marbit_many_paths,
          lemuel_crystal_altar, bloody_trog
D:8:      kennysheep_mini, lair_0_dummy
D:10:     serial_shops, shop, uniq_maurice
D:11:     minmay_wavy_crystal, zombieorc2_lemuel, minivault_29
Temple:   corrupted_temple
Ossuary:  ossuary_minmay_four_chambers

Skill      XL: |  1  2  3  4  5  6  7  8  9 10 |
---------------+-------------------------------+-----
Short Blades   | 2 3 4 5 6 |  6.6
Fighting       | 2 3 4 5 |  5.1
Summonings     | 7 8 |  8.5
Ice Magic      | 5 8 |  8.3
Stealth        | 7 |  7.1
Dodging        | 4 5 |  5.1
Air Magic      | 1 6 |  6.2
Spellcasting   | |  2.0

Action                   |  1- 3 |  4- 6 |  7- 9 | 10-12 || total
-------------------------+-------+-------+-------+-------++-------
Melee: Short sword       |    79 |   101 |   232 |    98 ||   510
       Unarmed           |     3 |       |       |       ||     3
       Dagger            |     2 |       |       |       ||     2
       Bite              |     5 |     4 |    13 |     8 ||    30
 Cast: Summon Small Mamm |    38 |    35 |    60 |    16 ||   149
       Call Canine Famil |     7 |    14 |    35 |    15 ||    71
       Summon Ice Beast  |       |       |    21 |    39 ||    60
       Summon Lightning  |       |       |       |    10 ||    10
Invok: Divine Energy     |       |       |     1 |       ||     1
Evoke: Wand              |       |       |     1 |       ||     1
  Use: Potion            |     9 |     9 |    29 |    18 ||    65
       Scroll            |       |       |    16 |     4 ||    20
 Stab: Sleeping          |     2 |     5 |     9 |     2 ||    18
       Distracted        |     1 |     2 |     3 |     1 ||     7
Armor: Robe              |    12 |    20 |    47 |    13 ||    92
Dodge: Dodged            |    55 |    47 |   132 |    46 ||   280
Block: Buckler           |    10 |    13 |    22 |    14 ||    59

Vault maps used:
D:1:      minmay_arrival_up_and_down, serial_forest,
          infiniplex_forest_lined_room_3, infiniplex_forest_clump_small,
          infiniplex_forest_split, infiniplex_forest_straight_2
D:2:      lemuel_round_altar, uniq_terence
D:3:      lemuel_doored_altar, uniq_robin, uniq_natasha
D:4:      lemuel_round_altar, okawaru_metal_pillars_1_2, first_bread,
          nicolae_ossuary_entry_giza, xom_teletrap_fun
D:5:      lemuel_round_altar
D:6:      eat_drink_and_be_merry_uskayaw, kennysheep_mini_moat,
          nicolae_gozag_cash_rules_everything_around_me, uniq_eustachio,
          uniq_pikel, uniq_duvessa
D:7:      grunt_temple_overflow_gold_and_silver, marbit_many_paths,
          lemuel_crystal_altar, bloody_trog
D:8:      kennysheep_mini, lair_0_dummy
D:10:     serial_shops, shop, uniq_maurice
D:11:     minmay_wavy_crystal, zombieorc2_lemuel, minivault_29
Temple:   corrupted_temple
Ossuary:  ossuary_minmay_four_chambers

Table legend:
 A = Turns spent in this place as a percentage of turns spent in the entire game.
 B = Non-inter-level travel turns spent in this place as a percentage of non-inter-level travel turns spent in the entire game.
 C = Inter-level travel turns spent in this place as a percentage of turns spent in this place.
 D = Turns resting spent in this place as a percentage of non-inter-level travel turns spent in this place.
 E = Turns spent auto-exploring this place as a percentage of non-inter-level travel turns spent in this place.
 F = Non-inter-level travel turns spent in this place divided by the number of levels of this place that you've seen.
                   A       B       C       D       E      F
               +-------+-------+-------+-------+-------+----------------------
         Total | 100.0 | 100.0 |   0.4 |   2.4 |   5.7 | 315.8
       Dungeon |  90.3 |  90.3 |   0.4 |   2.1 |   6.1 | 336.8
        Temple |   0.3 |   0.3 |   7.7 |   0.0 |  75.0 |  12.0
       Ossuary |   9.4 |   9.5 |   0.0 |   5.4 |   0.0 | 388.0
               +-------+-------+-------+-------+-------+----------------------

Table legend:
 A = Kills in this place as a percentage of kills in entire the game.
 B = Kills by you in this place as a percentage of kills by you in the entire game.
 C = Kills by friends in this place as a percentage of kills by friends in the entire game.
 D = Other kills in this place as a percentage of other kills in the entire game.
 E = Experience gained in this place as a percentage of experience gained in the entire game.
 F = Experience gained in this place divided by the number of levels of this place that you have seen.
                   A       B       C       D       E      F
               +-------+-------+-------+-------+-------+----------------------
         Total | 100.0 | 100.0 | 100.0 | 100.0 | 100.0 | 749.1
       Dungeon |  94.7 |  96.4 |  93.1 | 100.0 |  93.4 | 826.6
       Ossuary |   5.3 |   3.6 |   6.9 |   0.0 |   6.6 | 645.0
               +-------+-------+-------+-------+-------+----------------------
